 Dungeon Crawl Stone Soup version 0.18-a0-1577-gf591c28 (webtiles) character file.

1509 Ijustatesigmund the Insei (level 8, -12/54 HPs)
             Began as an Octopode Transmuter on Mar 18, 2016.
             Was a Believer of Cheibriados.
             Mangled by Joseph
             ... wielding a +0 quarterstaff
              (14 damage)
             ... on level 7 of the Dungeon.
             The game lasted 00:18:33 (5646 turns).

Ijustatesigmund the Insei (Octopode Transmuter)     Turns: 5646, Time: 00:18:33

Health: -12/54     AC:  1    Str: 20    XL:     8   Next: 83%
Magic:  6/12       EV: 12    Int: 21    God:    Cheibriados [**....]
Gold:   154        SH:  0    Dex: 16    Spells: 4 memorised, 3 levels left

rFire  . . .     SeeInvis .       - Unarmed
rCold  + . .     Gourm    .     (no shield)
rNeg   . . .     Faith    +     (helmet restricted)
rPois  .         Spirit   .     s - amulet "Oppawna" {Faith *Corrode rC+ Str+6}
rElec  .         Dismiss  .     k - ring of resist corrosion
rCorr  +         Reflect  .     (no ring)
SustAt .         Harm     .     (no ring)
MR     .....                    (no ring)
Stlth  ++++......               (no ring)
                                (no ring)
                                (no ring)
                                (no ring)

@: lethally poisoned (-12 -> -14), very slightly contaminated, very slow, not
resistant to hostile enchantments, stealthy
A: almost no armour, amphibious, 8 rings, constrict 8, camouflage 1, gelatinous
body 1
a: Bend Time, Renounce Religion


You were on level 7 of the Dungeon.
You worshipped Cheibriados.
Cheibriados was pleased with you.
You were not hungry.

You visited 2 branches of the dungeon, and saw 8 of its levels.

You collected 349 gold pieces.
You spent 195 gold pieces at shops.

Inventory:

Missiles
 a - 73 arrows
 i - 6 steel javelins
 j - 2 javelins (quivered)
Armour
 v - a +0 large shield
Jewellery
 k - a ring of resist corrosion (left tentacle)
 s - the amulet "Oppawna" (around mantle) {Faith *Corrode rC+ Str+6}
   (You found it on level 4 of the Dungeon)

   [amulet of faith]

   It allows you to gain divine favour quickly.
   It affects your strength (+6).
   It protects you from cold.
   It may corrode your equipment when you take damage.
Wands
 t - a wand of lightning (6/15)
Scrolls
 f - a scroll of amnesia
 n - a scroll of enchant weapon
Potions
 d - a potion of flight {unknown}
 e - a potion of might
 h - 2 potions of mutation
 o - a potion of cure mutation {unknown}
 p - 4 potions of curing
 q - a potion of heal wounds {unknown}
 r - 2 potions of magic
Books
 b - a book of Changes

   Spells                             Type                      Level
   a - Beastly Appendage              Transmutation                1
   b - Sticks to Snakes               Transmutation                2
   c - Spider Form                    Transmutation/Poison         3
   d - Ice Form                       Ice/Transmutation            4
   e - Blade Hands                    Transmutation                5
Comestibles
 c - 3 bread rations
 m - 4 meat rations


   Skills:
 + Level 4.4 Fighting
 - Level 2.1 Throwing
 - Level 2.0 Dodging
 - Level 5.1 Stealth
 + Level 5.7 Unarmed Combat
 + Level 3.0 Spellcasting
 + Level 3.5 Transmutations
 - Level 2.4 Ice Magic
 - Level 1.3 Poison Magic
 - Level 5.1 Invocations


You had 3 spell levels left.
You knew the following spells:

 Your Spells              Type           Power        Failure   Level  Hunger
a - Beastly Appendage     Trmt           ###...       3%          1    None
b - Sticks to Snakes      Trmt           ###.....     6%          2    ##.....
c - Ice Form              Ice/Trmt       ###.....     41%         4    ####...
d - Spider Form           Trmt/Pois      ##........   17%         3    ###....


Dungeon Overview and Level Annotations

Branches:
Dungeon (7/15)             Temple (1/1) D:4

Altars:
Cheibriados
Dithmenos
Elyvilon
Fedhas
Gozag
Kikubaaqudgha
Okawaru
Qazlal
Ru
Sif Muna
Trog
Vehumet
Xom
The Shining One

Shops:
D:4 *   D:5 [

Annotations:
D:7 Joseph


Innate Abilities, Weirdness & Mutations

You cannot wear most types of armour.
You are amphibious.
You can wear up to eight rings at the same time.
You can use your tentacles to constrict eight enemies at once.
Your skin changes colour to match your surroundings (Stealth).
Your rubbery body absorbs attacks (AC +1).


Message History

You barely miss Joseph.
Joseph is almost dead.
The worker ant closely misses you. Joseph closely misses you.
You hit Joseph.
Joseph is almost dead.
Your transformation has ended.
The worker ant bites you!
You are poisoned.
The worker ant poisons you!
You closely miss Joseph. You grab Joseph. You squeeze Joseph, but do no damage.
Joseph is almost dead.
You constrict Joseph.
You feel sick. The worker ant barely misses you.
Joseph hits you with an uncursed quarterstaff!
* * * LOW HITPOINT WARNING * * *
You are too injured to fight recklessly!
You tentacle-slap Joseph but do no damage.
Joseph is almost dead.
You constrict Joseph, but do no damage. The worker ant completely misses you.
Joseph hits you with an uncursed quarterstaff!
You die...

.# #..# .#
##..## ##
#....## . #
##.....## ..
# ##..##...##
.. ##
##..####...##
.# .#####..##
##)..##..#
........#
##......#
........#
##@a..##
.........#
#.@..#
...........#
#...((#
...........#
...#..((.
............#
..####.(.
.............
.### ..
.............
# . .. .


You could see Joseph and a worker ant.

Vanquished Creatures
  The ghost of ConnectionFaild the Basher, a novice GrFi (D:7)
  A black bear (D:6)
  2 ice beasts (D:5)
  An ogre (D:5)
  A giant frog (D:7)
  A scorpion (D:5)
  3 howler monkeys
  A crimson imp (D:4)
  3 hounds
  An orc wizard (D:4)
  A jelly (D:5)
  4 worker ants
  An iguana (D:4)
  A hound skeleton (D:6)
  11 adders
  A shadow imp (D:6)
  An adder skeleton (D:5)
  2 dart slugs (D:1)
  4 worms
  5 giant geckos
  7 orcs
  3 giant cockroaches
  6 goblins
  10 hobgoblins
  6 jackals
  A quokka (D:2)
  3 ball pythons
  5 bats
  A giant newt (D:5)
  6 kobolds
  6 rats
100 creatures vanquished.

Notes
Turn   | Place    | Note
--------------------------------------------------------------
     0 | D:1      | Ijustatesigmund the Octopode Transmuter began the quest for the Orb.
     0 | D:1      | Reached XP level 1. HP: 13/13 MP: 3/3
   127 | D:1      | Reached XP level 2. HP: 13/18 MP: 5/5
   131 | D:1      | Learned a level 2 spell: Sticks to Snakes
   388 | D:2      | Reached XP level 3. HP: 18/24 MP: 4/6
  1163 | D:2      | Found an ancient bone altar of Kikubaaqudgha.
  1165 | D:2      | Found a bloodstained altar of Trog.
  1181 | D:2      | Reached XP level 4. HP: 28/30 MP: 7/7
  1211 | D:2      | Learned a level 4 spell: Ice Form
  2080 | D:3      | Reached skill level 1 in Throwing
  2242 | D:3      | Reached skill level 1 in Ice Magic
  2580 | D:4      | Reached XP level 5. HP: 35/35 MP: 8/8
  3236 | D:4      | Found Deutio Ifex's Assorted Antiques.
  3245 | D:4      | Bought a fizzy orange potion for 20 gold pieces
  3245 | D:4      | Bought a viscous coppery potion for 20 gold pieces
  3245 | D:4      | Bought a peridot ring for 115 gold pieces
  3245 | D:4      | Bought a viscous coppery potion for 20 gold pieces
  3245 | D:4      | Bought a grey potion for 20 gold pieces
  3309 | D:4      | Reached XP level 6. HP: 32/42 MP: 7/9
  3559 | D:4      | Got an ancient crystal amulet
  3560 | D:4      | Identified the amulet "Oppawna" {Faith *Corrode rC+ Str+6} (You found it on level 4 of the Dungeon)
  3721 | D:4      | Found a staircase to the Ecumenical Temple.
  3730 | Temple   | Entered the Ecumenical Temple
  3746 | Temple   | Became a worshipper of Cheibriados the Contemplative
  3819 | D:5      | Entered Level 5 of the Dungeon
  3834 | D:5      | Reached skill level 1 in Stealth
  3942 | D:5      | Noticed an ice beast
  3956 | D:5      | Killed an ice beast
  3956 | D:5      | Reached skill level 1 in Invocations
  3960 | D:5      | Reached XP level 7. HP: 36/46 MP: 6/10
  4192 | D:5      | Reached * piety under Cheibriados
  4281 | D:5      | Learned a level 3 spell: Spider Form
  4291 | D:5      | Found a stormy altar of Qazlal.
  4291 | D:5      | Found a sacrificial altar of Ru.
  4511 | D:5      | Found Kocrykach's Armour Boutique.
  4532 | D:5      | Reached skill level 5 in Stealth
  4751 | D:5      | Reached XP level 8. HP: 35/52 MP: 11/11
  4956 | D:6      | Reached skill level 5 in Invocations
  5268 | D:6      | Reached skill level 5 in Unarmed Combat
  5268 | D:6      | Reached skill level 1 in Poison Magic
  5367 | D:7      | Noticed ConnectionFaild's ghost (novice GrFi)
  5382 | D:7      | Killed ConnectionFaild's ghost
  5621 | D:7      | Noticed Joseph
  5621 | D:7      | Reached ** piety under Cheibriados
  5645 | D:7      | HP: 2/54 [Joseph/uncursed quarterstaff (16)]
  5646 | D:7      | Mangled by Joseph

Vault maps used:
D:1:      eino_arrival_water_star
D:2:      grunt_temple_overflow_open
D:3:      first_bread, grunt_ministairs_13
D:4:      temple_hall, serial_shops, nicolae_shop_temple_entry_statues_fountains
D:5:      gammafunk_temple_overflow_elements, serial_shops, shop_statue,
          grunt_ministairs_8
D:7:      enter_ossuary_1, uniq_joseph
Temple:   triangle_lava_temple_12

Skill      XL: |  1  2  3  4  5  6  7  8 |
---------------+-------------------------+-----
Fighting       | 2 3 4 |  4.4
Unarmed Combat | 4 5 |  5.7
Throwing       | 1 2 |  2.1
Ice Magic      | 1 2 |  2.4
Stealth        | 2 5 |  5.1
Invocations    | 2 4 5 |  5.1
Poison Magic   | 1 |  1.3
Transmutations | 3 |  3.5
Spellcasting   | 3 |  3.0
Dodging        | |  2.0

Action                   |  1- 3 |  4- 6 |  7- 9 || total
-------------------------+-------+-------+-------++-------
Melee: Unarmed           |    65 |   107 |    82 ||   254
Throw: Javelin           |     2 |    31 |    20 ||    53
 Cast: Beastly Appendage |     3 |     8 |     2 ||    13
       Sticks to Snakes  |       |     6 |     5 ||    11
       Ice Form          |       |     1 |     1 ||     2
       Spider Form       |       |       |     1 ||     1
Invok: Bend Time         |       |       |     1 ||     1
  Use: Scroll            |     5 |     6 |     6 ||    17
       Potion            |       |     1 |     4 ||     5
 Stab: Sleeping          |     4 |     2 |     7 ||    13
       Distracted        |       |     1 |       ||     1
  Eat: Chunk             |     1 |     5 |     1 ||     7
       Fruit             |       |     2 |       ||     2
       Royal jelly       |       |     1 |     1 ||     2
       Bread ration      |       |       |     1 ||     1
